 Dungeon Crawl Stone Soup version 0.23.2-1-ga50397a6bc (webtiles) character file.

Game seed: 17368013083066177389

124 Cykl0x the Shield-Bearer (level 5, 0/42 HPs)
             Began as a Formicid Fighter on Apr 29, 2019.
             Succumbed to a killer bee's poison
             ... on level 3 of the Dungeon.
             The game lasted 00:04:58 (1568 turns).

Cykl0x the Shield-Bearer (Formicid Fighter)         Turns: 1568, Time: 00:04:59

Health: 0/42       AC:  7    Str: 26    XL:     5   Next: 30%
Magic:  5/5        EV:  9    Int:  8    God:
Gold:   82         SH: 10    Dex: 10    Spells: 4/4 levels left

rFire    . . .     SeeInvis +   a - +0 war axe
rCold    . . .     Gourm    .   c - +0 shield
rNeg     . . .     Faith    .   b - +0 scale mail
rPois    .         Spirit   .   (helmet unavailable)
rElec    .         Reflect  .   (no cloak)
rCorr    .         Harm     .   (no gloves)
MR       .....                  (no boots)
Stlth    ..........             (no amulet)
HPRegen  0.14/turn              (no ring)
MPRegen  0.09/turn              (no ring)

@: mighty, lethally poisoned (0 -> -4)
A: permanent stasis, dig shafts and tunnels, four strong arms, antennae 3
a: Dig, Shaft Self


You were on level 3 of the Dungeon.
You were hungry.

You visited 1 branch of the dungeon, and saw 3 of its levels.

You collected 82 gold pieces.

Inventory:

Hand Weapons
 a - a +0 war axe (weapon)
Missiles
 e - 2 tomahawks
 g - 2 javelins (quivered)
Armour
 b - a +0 scale mail (worn)
 c - a +0 shield (worn)
Jewellery
 l - an uncursed ring of fire {unknown}
Potions
 h - a potion of flight
 i - a potion of magic
 p - a potion of cancellation
Comestibles
 f - 3 rations


   Skills:
 + Level 3.7 Fighting
 + Level 3.1 Axes
 + Level 0.1 Throwing
 + Level 4.0 Armour
 * Level 1.5 Dodging
 + Level 0.1 Stealth
 + Level 4.3 Shields


You had 4 spell levels left.
You didn't know any spells.
Your spell library was empty.

Dungeon Overview and Level Annotations

Branches:
Dungeon (3/15)

Altars:


Innate Abilities, Weirdness & Mutations

You cannot be hasted, slowed, berserked, paralysed or teleported.
You can dig through walls and to a lower floor.
Your four strong arms can wield two-handed weapons with a shield.
You have a pair of large antennae on your head. (SInv)


Message History

You slash the killer bee!
You kill the killer bee!
Your Axes skill increases to level 3!
Your Armour skill increases to level 4!
You have reached level 5!
* * * LOW HITPOINT WARNING * * *
You feel sick. The killer bee stings you.
* * * LOW HITPOINT WARNING * * *
The killer bee stings you but does no damage.
All of the chunks of flesh in your inventory have rotted away.
You completely miss the killer bee.
* * * LOW HITPOINT WARNING * * *
You feel sick.
The killer bee stings you but does no damage. x3
Your scale mail prevents you from hitting the killer bee.
The killer bee barely misses you.
The killer bee stings you but does no damage.
You block the killer bee's attack.
You slash the killer bee!
The killer bee is severely wounded.
You die...

.....y.y..###.#
####...!.......
#########y#####.#
........y........
#########.#######.#
......{y{......[.
######{#########
#y## ##@# ###


You could see a killer bee.

Vanquished Creatures
  A killer bee (D:3)
  3 adders (D:2)
  An ooze (D:1)
  A worm (D:2)
  A dart slug (D:1)
  A leopard gecko (D:1)
  4 giant cockroaches
  3 hobgoblins (D:1)
  4 jackals (D:2)
  3 bats
  5 frilled lizards
  5 goblins
  12 kobolds
  2 rats
46 creatures vanquished.

Notes
Turn   | Place    | Note
-------+----------+-------------------------------------------
     0 | D:1      | Cykl0x the Formicid Fighter began the quest for the Orb.
     0 | D:1      | Reached XP level 1. HP: 18/18 MP: 1/1
   141 | D:1      | Reached XP level 2. HP: 24/24 MP: 2/2
   349 | D:1      | Reached XP level 3. HP: 25/29 MP: 3/3
   774 | D:2      | Reached skill level 1 in Dodging
   847 | D:2      | Reached XP level 4. HP: 15/36 MP: 4/4
  1565 | D:3      | Reached XP level 5. HP: 6/42 MP: 5/5
  1565 | D:3      | HP: 2/42 [killer bee (3)]
  1568 | D:3      | Succumbed to a killer bee's poison

Skill      XL: |  1  2  3  4 |
---------------+-------------+-----
Shields        | 4 |  4.3
Dodging        | 1 |  1.5
Axes           | 3 |  3.1
Armour         | 4 |  4.0
Fighting       | |  3.7
Throwing       | |  0.1
Stealth        | |  0.1

Action                   |  1- 3 |  4- 6 || total
-------------------------+-------+-------++-------
Melee: War axe           |    88 |    67 ||   155
Throw: Javelin           |     2 |       ||     2
       Tomahawk          |     2 |       ||     2
 Abil: Dig               |       |     3 ||     3
  Use: Scroll            |     4 |     5 ||     9
       Potion            |       |     2 ||     2
  Eat: Chunk             |       |     2 ||     2
Armor: Scale mail        |    56 |    39 ||    95
Dodge: Dodged            |    40 |    36 ||    76
Block: Shield            |    61 |    39 ||   100
